 Dungeon Crawl Stone Soup version 0.28-a0-863-g8cecda6153 (webtiles) character file.

Game seed: 11852730064680594530

142 CannotBeFrozen the Gusty (level 4, -2/36 HPs)
             Began as a Demigod Air Elementalist on Nov 20, 2021.
             Slain by a gnoll (10 damage)
             ... on level 2 of the Dungeon.
             The game lasted 00:11:41 (2922 turns).

CannotBeFrozen the Gusty (Demigod Air Elementalist) Turns: 2922, Time: 00:11:42

Health: -2/36      AC:  3    Str: 13    XL:     4   Next: 74%
Magic:  2/9        EV: 12    Int: 17    God:
Gold:   51         SH:  0    Dex: 14    Spells: 6/7 levels left

rFire   . . .      SeeInvis .   a - +0 dagger (holy)
rCold   . . .      Faith    .   (no shield)
rNeg    . . .      Spirit   .   f - +0 leather armour
rPois   .          Reflect  .   (no helmet)
rElec   .          Harm     .   (no cloak)
rCorr   +          Rampage  .   (no gloves)
Will    .....                   (no boots)
Stlth   ++........              (no amulet)
HPRegen 0.12/turn               e - ring of resist corrosion
MPRegen 0.11/turn               (no ring)

@: very slightly contaminated
A: high mp 1, forlorn
a: no special abilities


You were on level 2 of the Dungeon.
You visited 1 branch of the dungeon, and saw 2 of its levels.

You collected 51 gold pieces.

Inventory:

Hand Weapons
 a - a +0 dagger of holy wrath (weapon)
 h - a +0 short sword
Missiles
 b - 97 stones (quivered)
 k - 18 arrows
Armour
 c - a +0 chain mail
 f - a +0 leather armour (worn)
 g - a +0 robe
Jewellery
 e - a ring of resist corrosion (left hand)
Scrolls
 d - 2 scrolls of identify {unknown}
 i - a scroll of teleportation {unknown}
 j - 2 scrolls of brand weapon {unknown}


   Skills:
 - Level 2.2 Fighting
 + Level 1.2 Short Blades
 - Level 0.8 Throwing
 - Level 2.0 Armour
 - Level 2.0 Dodging
 - Level 2.0 Stealth
 - Level 2.0 Spellcasting
 - Level 1.0 Conjurations
 - Level 3.0 Air Magic


You had 6 spell levels left.
You knew the following spells:

 Your Spells              Type           Power      Damage    Failure   Level
a - Shock                 Conj/Air       32%        1d5       11%         1

Your spell library contained the following spells:

 Spells                   Type           Power      Damage    Failure   Level
 Static Discharge         Conj/Air       8%         N/A       16%         2
 Swiftness                Air            11%        N/A       22%         3
 Scorch                   Fire           2%         2d5       36%         2
 Airstrike                Air            5%         N/A       56%         4
 Flame Wave               Conj/Fire      3%         3d3       89%         4
 Summon Cactus Giant      Summ           0%         N/A       100%        6


Dungeon Overview and Level Annotations

Branches:
Dungeon (2/15)


Innate Abilities, Weirdness & Mutations

Your attributes grow dramatically as you level up.
You have an increased reservoir of magic. (+10% MP)
You shall have no god before yourself.


Message History

The gnoll hits you with a +0 flail.
* * * LOW HITPOINT WARNING * * *
HP: 8/36 (-5) ==---------- !
Casting: Shock (safe; 11% risk of failure)
Confirm with . or Enter, or press ? or * to list all spells.
Aiming: Shock (safe; 11% risk of failure)
Press: ? - help, Shift-Dir - straight line The zap hits the gnoll but does no damage.
The gnoll is moderately wounded.
The zap hits the gnoll.
The gnoll is severely wounded.
The zap hits the gnoll.
The gnoll is severely wounded.
The zap hits the gnoll.
The gnoll is severely wounded.
The gnoll hits you but does no damage.
MP: 4/9 (-1)
Casting: Shock (safe; 11% risk of failure)
Confirm with . or Enter, or press ? or * to list all spells.
Aiming: Shock (safe; 11% risk of failure)
Press: ? - help, Shift-Dir - straight line The zap hits the gnoll.
The gnoll is heavily wounded.
The zap hits the gnoll.
You kill the gnoll!
The zap hits the gnoll.
The gnoll is almost dead.
* * * LOW MAGIC WARNING * * *
The gnoll closely misses you.
MP: 3/9 (-1)
Casting: Shock (safe; 11% risk of failure)
Confirm with . or Enter, or press ? or * to list all spells.
Aiming: Shock (safe; 11% risk of failure)
Press: ? - help, Shift-Dir - straight line You miscast Shock.
You are very lightly contaminated with residual magic.
Nothing appears to happen.
* * * LOW MAGIC WARNING * * *
The gnoll hits you with a +0 flail!
You die...

#..#.##### # #..#.# #
#....# # #..### # #..# #
#..# ########## #
#..#####............####
#.......#.###### #......
#.....@###.# #..####
##.####g#.## .# # #..#
##g## ##.### #..####.#
#.... ##..#...g#####
#..#
.............####..#
##..#...†..........#
...####.###<####<.# #..#
#...g..(....#


You could see 2 gnolls.

Vanquished Creatures
  8 gnolls (D:2)
  2 adders (D:2)
  2 worms (D:2)
  A dart slug (D:1)
  2 endoplasms
  2 giant cockroaches (D:1)
  5 hobgoblins
  5 kobolds
  A quokka (D:2)
  2 ball pythons
  6 bats
  5 frilled lizards
  3 goblins
  A rat (D:2)
45 creatures vanquished.

Notes
Turn   | Place    | Note
-------+----------+-------------------------------------------
     0 | D:1      | CannotBeFrozen the Demigod Air Elementalist began the quest
                  | for the Orb.
     0 | D:1      | Reached XP level 1. HP: 14/14 MP: 5/5
   771 | D:1      | Reached skill level 1 in Conjurations
   771 | D:1      | Reached skill level 3 in Air Magic
   927 | D:1      | Reached XP level 2. HP: 20/20 MP: 7/7
  1747 | D:2      | Reached skill level 1 in Fighting
  1747 | D:2      | Reached XP level 3. HP: 28/28 MP: 3/8
  2092 | D:2      | Reached skill level 1 in Armour
  2360 | D:2      | Reached XP level 4. HP: 36/36 MP: 5/9
  2797 | D:2      | Reached skill level 1 in Short Blades
  2922 | D:2      | Slain by a gnoll

Illustrated notes

Levels and vault maps discovered:
D:1:      dpeg_arrival_arbitrary_a, layout_basic, ebering_ecumenical_altar_rust,
          nicolae_wormholes
D:2:      layout_loops_ring, basic_altar, minmay_hexomino_u4

Skill      XL: |  1  2  3  4 |
---------------+-------------+-----
Spellcasting   | 2 |  2.0
Conjurations   | 1 |  1.0
Air Magic      | 3 |  3.0
Dodging        | 2 |  2.0
Stealth        | 2 |  2.0
Fighting       | 1 2 |  2.2
Armour         | 1 2 |  2.0
Short Blades   | 1 |  1.2
Throwing       | |  0.8

Action                   |  1- 3 |  4- 6 || total
-------------------------+-------+-------++-------
Melee: Dagger            |    68 |     7 ||    75
Throw: Stone             |    39 |     5 ||    44
 Cast: Shock             |    54 |    34 ||    88
 Stab: Sleeping          |     1 |       ||     1
Armor: Robe              |     4 |       ||     4
       Leather armour    |    40 |     4 ||    44
Dodge: Dodged            |    89 |    13 ||   102

Table legend: (Time is in decaauts)
 A = Elapsed time spent in this place.
 B = Non-inter-level travel time spent in this place.
 C = Inter-level travel time spent in this place.
 D = Time resting spent in this place.
 E = Time spent auto-exploring this place.
 F = Levels seen in this place.
 G = Mean time per level.
                   A        B        C        D        E       F      G
               +--------+--------+--------+--------+--------+-----+--------+
         Total |   2924 |   2859 |     65 |    839 |   1257 |   2 | 1462.0 |
       Dungeon |   2924 |   2859 |     65 |    839 |   1257 |   2 | 1462.0 |
               +--------+--------+--------+--------+--------+-----+--------+

Top non-repeatable levels by time:
     D:1: 1631 daAuts
     D:2: 1292 daAuts
